 Dungeon Crawl Stone Soup version 0.31-a0-795-g5eb97db20b (webtiles) character file.

Game seed: 16875579491720083142

341 Babbit the Chiller (level 6, -9/45 HPs)
             Began as a Draconian Ice Elementalist on Sept 18, 2023.
             Was a Follower of Zin.
             Mangled by an ice beast (10 damage)
             ... on level 5 of the Dungeon.
             The game lasted 00:19:31 (4681 turns).

Babbit the Chiller (Draconian Ice Elementalist)     Turns: 4681, Time: 00:19:32

Health: -9/45      AC:  9    Str: 10    XL:     6   Next: 30%
Magic:  12/12      EV: 12    Int: 17    God:    Zin [*.....]
Gold:   122        SH:  0    Dex: 12    Spells: 12/13 levels left

rFire   . . .        l - staff of conjuration
rCold   . . .        (no shield)
rNeg    . . .        (body armour unavailable)
rPois   .            (helmet restricted)
rElec   .            (no cloak)
rCorr   .            m - +2 pair of gloves
SInv    .            (no boots)
Will    .....        (no amulet)
Stlth   ++++         g - ring of Shadows {Umbra +Inv Stlth+}
HPRegen 0.27/turn    (no ring)
MPRegen 0.13/turn

%: no passive effects
@: slowed, wreathed by umbra, very slow
A: AC +6, unfitting armour, cold-blooded
a: Renounce Religion, Evoke Invisibility, Recite, Donate Gold


You were on level 5 of the Dungeon.
You worshipped Zin.
Zin was aware of your devotion.
You visited 1 branch of the dungeon, and saw 5 of its levels.

You collected 135 gold pieces.
You donated 13 gold pieces to Zin.

Inventory:

Hand Weapons
 b - a +2 antimagic halberd
Missiles
 i - 4 boomerangs (quivered)
Armour
 m - a +2 pair of gloves (worn)
Magical Staves
 l - a staff of conjuration (weapon)
Jewellery
 g - the ring of Shadows (left hand) {Umbra +Inv Stlth+}
   (You found it on level 5 of the Dungeon)

   [ring of stealth]

   Umbra:     It surrounds you with an aura of shadow, increasing your stealth
   and reducing the accuracy of all others within it.
   +Inv:      It lets you turn invisible.
   Stlth+:    It makes you more stealthy.
Scrolls
 c - a scroll of silence {unknown}
 d - a scroll of amnesia {unknown}
 h - a scroll of fear
 k - a scroll of blinking {unknown}
Potions
 a - a potion of magic
 e - a potion of heal wounds
 f - a potion of haste {unknown}
 j - 2 potions of ambrosia
 n - a potion of curing


   Skills:
 + Level 0.4 Staves
 + Level 0.3 Throwing
 + Level 2.2 Dodging
 + Level 2.3 Stealth
 + Level 4.3 Spellcasting
 + Level 5.6 Ice Magic


You had 12 spell levels left.
You knew the following spells:

 Your Spells              Type           Power      Damage    Failure   Level
a - Freeze                Ice            92%        1d9       1%          1

Your spell library contained the following spells:

 Spells                   Type           Power      Damage    Failure   Level
 Frozen Ramparts          Ice            46%        1d7       4%          3
 Ozocubu's Armour         Ice            23%        N/A       4%          3
 Summon Ice Beast         Ice/Summ       13%        N/A       43%         4


Dungeon Overview and Level Annotations

Branches:
Dungeon (5/15)
 Temple: D:4-7

Altars:
Ashenzari
Zin


Innate Abilities, Weirdness & Mutations

Your plain brown scales are hard. (AC +6)
You cannot fit into any form of body armour.
You are cold-blooded and may be slowed by cold attacks.


Message History

The ice beast is moderately wounded.
You feel yourself speed up.
The ice beast hits you but does no damage. x2
Throw: 4 boomerangs
Press: ? - help, Q - select action, (/) - cycle Shift-Dir - straight line, f/p - ice beast
Aim: an ice beast (lightly wounded, umbra, 52% to hit)
You throw a boomerang.
The boomerang barely misses the ice beast.
The ice beast hits you but does no damage.
Throw: 4 boomerangs
Press: ? - help, Q - select action, (/) - cycle Shift-Dir - straight line, f/p - ice beast
Aim: an ice beast (lightly wounded, umbra, 52% to hit)
You throw a boomerang. The boomerang hits the ice beast.
The ice beast is moderately wounded.
The ice beast hits you but does no damage.
Throw: 4 boomerangs
Press: ? - help, Q - select action, (/) - cycle Shift-Dir - straight line, f/p - ice beast
Aim: an ice beast (moderately wounded, umbra, 52% to hit)
You throw a boomerang. The boomerang hits the ice beast.
The ice beast is moderately wounded.
The ice beast hits you but does no damage.
Throw: 4 boomerangs
Press: ? - help, Q - select action, (/) - cycle Shift-Dir - straight line, f/p - ice beast
Aim: an ice beast (moderately wounded, umbra, 52% to hit)
You throw a boomerang. The boomerang hits the ice beast.
The ice beast is moderately wounded.
The ice beast hits you.
* * * LOW HITPOINT WARNING * * *
The ice beast freezes you!
* * * LOW HITPOINT WARNING * * *
The ice beast hits you but does no damage.
Throw: 4 boomerangs
Press: ? - help, Q - select action, (/) - cycle Shift-Dir - straight line, f/p - ice beast
Aim: an ice beast (moderately wounded, umbra, 52% to hit)
You throw a boomerang.
The boomerang closely misses the ice beast.
The ice beast hits you.
* * * LOW HITPOINT WARNING * * *
The ice beast freezes you!
You feel yourself slow down.
You die...

#####...##.#.####......
#...##.#.# #...###
######...##.#.# #.#<#
#...Y'....#.#.####.#.#
#.####....#.#......#.#
#.#....##.#.########.#
#.#.##....#.. ..#
#.#.######### #.#
#.#....@Y..# #.#
#.######.#.# #.#
#.#......#.#
#.#.######.#
#.#........#
#.###########
#.#..........
#.#......#.##
#.#..###.....


You could see an ice beast.

Vanquished Creatures
  An ogre (D:4)
  A hound (D:4)
  3 orc wizards (D:5)
  A scorpion zombie (D:2)
  3 adders
  An adder skeleton (D:2)
  2 worms
  A dart slug (D:2)
  5 orcs
  5 bats
  A bat zombie (D:2)
  3 endoplasms
  5 giant cockroaches
  12 goblins
  8 hobgoblins
  2 jackals (D:1)
  4 quokkas
  4 ball pythons
  7 frilled lizards
  A giant cockroach zombie (D:2)
  10 kobolds
  9 rats
89 creatures vanquished.

Notes
Turn   | Place    | Note
-------+----------+-------------------------------------------
     0 | D:1      | Babbit the Draconian Ice Elementalist began the quest for
                  | the Orb.
     0 | D:1      | Reached XP level 1. HP: 14/14 MP: 3/3
   222 | D:1      | Reached XP level 2. HP: 20/20 MP: 1/5
   745 | D:1      | Reached XP level 3. HP: 26/26 MP: 4/6
  1604 | D:2      | Reached XP level 4. HP: 15/33 MP: 0/8
  2200 | D:2      | Found a faded altar of an unknown god.
  2671 | D:3      | Reached skill level 5 in Ice Magic
  3138 | D:3      | Found a large runed translucent door.
  3144 | D:3      | Found a large runed translucent door.
  3154 | D:3      | Found a glowing silver altar of Zin.
  3167 | D:3      | Found a broken altar of Ashenzari.
  3181 | D:3      | Became a worshipper of Zin the Law-Giver
  3460 | D:4      | Reached XP level 5. HP: 36/38 MP: 6/10
  3719 | D:4      | Reached * piety under Zin
  3955 | D:4      | Noticed an ogre
  3962 | D:4      | Killed an ogre
  4342 | D:5      | Entered Level 5 of the Dungeon
  4353 | D:5      | Reached XP level 6. HP: 45/45 MP: 9/12
  4437 | D:5      | Found the ring of Shadows {Umbra +Inv Stlth+}
  4498 | D:5      | Noticed an ice beast
  4680 | D:5      | HP: 1/45 [ice beast (11)]
  4681 | D:5      | Mangled by an ice beast

Illustrated notes

Levels and vault maps discovered:
D:1:      minmay_arrival_arboretum_small, layout_basic,
          chequers_serial_rivers_small_a
D:2:      layout_basic, serial_undead, serial_undead_e, serial_undead_e,
          serial_undead_a, serial_undead_b, ebering_ecumenical_altar_abandoned,
          palyth_stone_intersect
D:3:      layout_basic, jmf_multi_god_temple2
D:4:      layout_basic, kennysheep_generic_room_6
D:5:      layout_basic, xom_teletrap_fun, serial_shops,
          nicolae_shop_behind_doors, nicolae_shop_tiny_real_fake_doors,
          nicolae_shop_scrapyard, minmay_a_box_with_orc_wizards_in_it

Skill      XL: |  1  2  3  4  5 |
---------------+----------------+-----
Dodging        | 2 |  2.2
Spellcasting   | 3 4 |  4.3
Ice Magic      | 5 |  5.6
Stealth        | 2 |  2.3
Staves         | |  0.4
Throwing       | |  0.3

Action                     |  1- 3 |  4- 6 || total
---------------------------+-------+-------++-------
  Melee: Unarmed           |    27 |       ||    27
         Tailslap          |     7 |     1 ||     8
         Staff             |       |    19 ||    19
  Throw: Boomerang         |     2 |    43 ||    45
   Cast: Freeze            |    65 |    87 ||   152
    Use: Scroll            |       |     6 ||     6
 Armour: Skin              |    37 |    79 ||   116
  Dodge: Dodged            |    57 |    57 ||   114

Table legend: (Time is in decaauts)
 A = Elapsed time spent in this place.
 B = Non-inter-level travel time spent in this place.
 C = Inter-level travel time spent in this place.
 D = Time resting spent in this place.
 E = Time spent auto-exploring this place.
 F = Levels seen in this place.
 G = Mean time per level.
                   A        B        C        D        E       F      G
               +--------+--------+--------+--------+--------+-----+--------+
         Total |   4706 |   4532 |    174 |    581 |   3215 |   5 |  941.2 |
       Dungeon |   4706 |   4532 |    174 |    581 |   3215 |   5 |  941.2 |
               +--------+--------+--------+--------+--------+-----+--------+

Top non-repeatable levels by time:
     D:2: 1273 daAuts
     D:1: 1195 daAuts
     D:4: 1099 daAuts
     D:3: 882 daAuts
     D:5: 256 daAuts
